 Dungeon Crawl Stone Soup version 0.20.0-8-g6b59dc7 (webtiles) character file.

222 Amnesiac the Conjurer (level 5, 0/38 HPs)
             Began as a Centaur Fire Elementalist on May 30, 2017.
             Killed from afar by an orc wizard (7 damage)
             ... with a magic dart
             ... on level 4 of the Dungeon.
             The game lasted 00:04:57 (3048 turns).

Amnesiac the Conjurer (Centaur Fire Elementalist)   Turns: 3048, Time: 00:04:57

Health: 0/38       AC:  4    Str: 11    XL:     5   Next: 66%
Magic:  0/7        EV:  9    Int: 15    God:
Gold:   132        SH:  0    Dex:  9    Spells: 2/7 levels left

rFire    . . .     SeeInvis .   k - +1 dagger (venom)
rCold    . . .     Gourm    .   (no shield)
rNeg     . . .     Faith    .   a - +0 robe
rPois    .         Spirit   .   (no helmet)
rElec    .         Reflect  .   (no cloak)
rCorr    .         Harm     +   (no gloves)
MR       .....                  (no barding)
Stlth    +.........             i - amulet of harm
Regen    0.2/turn               (no ring)
MPRegen  0.1/turn               (no ring)

@: very quick
A: hooves 3, deformed body, speed 2, tough skin 3
a: no special abilities


You were on level 4 of the Dungeon.
You were not hungry.

You visited 1 branch of the dungeon, and saw 4 of its levels.

You collected 132 gold pieces.

Inventory:

Hand Weapons
 k - a +1 dagger of venom (weapon)
Missiles
 n - 11 stones (quivered)
 q - 3 poisoned tomahawks
Armour
 a - a +0 robe (worn)
Jewellery
 i - an amulet of harm (around neck)
Scrolls
 e - a scroll of fear {!r, unknown}
 g - a scroll of teleportation {!r, unknown}
 h - 2 scrolls of remove curse {!r, unknown}
 j - 3 scrolls of identify {!r, unknown}
 m - 2 scrolls of amnesia {!r, unknown}
 p - a scroll of enchant weapon {!r, unknown}
Potions
 f - a potion of brilliance {!q, unknown}
 l - a potion of invisibility {!q, unknown}
Books
 b - a book of Flames

   Spells                             Type                      Level
   a - Flame Tongue                   Conjuration/Fire             1
   b - Throw Flame                    Conjuration/Fire             2
   c - Conjure Flame                  Conjuration/Fire             3
   d - Inner Flame                    Hexes/Fire                   3
   e - Sticky Flame                   Conjuration/Fire             4
   f - Fireball                       Conjuration/Fire             5
 s - a book of Cantrips

   Spells                             Type                      Level
   a - Confusing Touch                Hexes                        1
   b - Animate Skeleton               Necromancy                   1
   c - Summon Small Mammal            Summoning                    1
   d - Apportation                    Translocation                1
Comestibles
 c - 3 bread rations
 d - 3 royal jellies
 o - 3 meat rations
 r - 4 chunks of flesh


   Skills:
 - Level 1.3 Dodging
 - Level 1.1 Stealth
 + Level 1.6 Spellcasting
 - Level 4.1 Conjurations
 - Level 4.0 Fire Magic


You had 2 spell levels left.
You knew the following spells:

 Your Spells              Type           Power        Failure   Level  Hunger
a - Flame Tongue          Conj/Fire      ##...        4%          1    ##.....
e - Sticky Flame          Conj/Fire      ##......     38%         4    #####..


Dungeon Overview and Level Annotations

Branches:
Dungeon (4/15)
 Temple: D:4-7

Altars:
Makhleb
Zin
The Shining One

Shops:
D:4 (


Innate Abilities, Weirdness & Mutations

You have hooves in place of feet.
Armour fits poorly on your strangely shaped body.
You cover ground very quickly.
You have extremely tough skin. (AC +3)


Message History

Casting: Flame Tongue
Confirm with . or Enter, or press ? or * to list all spells.
Aiming: Flame Tongue
Press: ? - help, Shift-Dir - straight line, f/p - orc wizard
Aim: an orc wizard, wielding a dagger and wearing a robe The flame tongue hits the orc wizard.
The orc wizard appears unharmed.
The orc wizard hits you with a dagger.
The orc wizard points at you and mumbles some strange words.
The magic dart hits you!
Casting: Flame Tongue
Confirm with . or Enter, or press ? or * to list all spells.
Aiming: Flame Tongue
Press: ? - help, Shift-Dir - straight line, f/p - orc wizard
Aim: an orc wizard, wielding a dagger and wearing a robe The flame tongue misses the orc wizard.
The flame tongue hits the orc.
You kill the orc!
The orc wizard hits you but does no damage.
Casting: Flame Tongue
Confirm with . or Enter, or press ? or * to list all spells.
Aiming: Flame Tongue
Press: ? - help, Shift-Dir - straight line, f/p - orc wizard
Aim: an orc wizard, wielding a dagger and wearing a robe The flame tongue hits the orc wizard.
The orc wizard is severely wounded.
The orc wizard points at you and mumbles some strange words.
The puff of flame hits you!
Casting: Flame Tongue
Confirm with . or Enter, or press ? or * to list all spells.
Aiming: Flame Tongue
Press: ? - help, Shift-Dir - straight line, f/p - orc wizard
Aim: an orc wizard, wielding a dagger and wearing a robe (severely wounded)
The flame tongue misses the orc wizard.
The flame tongue hits the orc.
You kill the orc!
The orc wizard completely misses you.
The orc wizard mumbles some strange words.
The orc wizard seems to speed up.
There is a stone staircase leading up here.
Casting: Flame Tongue
Confirm with . or Enter, or press ? or * to list all spells.
Aiming: Flame Tongue
Press: ? - help, Shift-Dir - straight line, f/p - orc wizard
Aim: an orc wizard, wielding a dagger and wearing a robe (severely wounded, fast)
The flame tongue misses the orc wizard.
The flame tongue hits the orc wizard.
The orc wizard is severely wounded.
The orc wizard hits you with a dagger.
The orc wizard mumbles some strange words.
The orc wizard blinks!
Casting: Flame Tongue
Confirm with . or Enter, or press ? or * to list all spells.
Aiming: Flame Tongue
Press: ? - help, Shift-Dir - straight line, f/p - orc wizard
Aim: an orc wizard, wielding a dagger and wearing a robe (severely wounded, fast)
The flame tongue hits the orc wizard.
The orc wizard is almost dead.
The orc wizard points at you and mumbles some strange words.
The puff of frost hits you!
* * * LOW HITPOINT WARNING * * *
The orc wizard misses you.
You are too injured to fight recklessly!
Okay, then.
The orc wizard closely misses you. The orc wizard casts a spell at you.
The magic dart hits you!
You die...

#....).......#...#..
#.......####.# .#..
####............#
+..........######
###....#####
#....####
.#########.......#
.........[..oo...#
.#########...@...#
###.....# #######


You could see 2 orc wizards.

Vanquished Creatures
  A hound (D:4)
  An orc priest (D:4)
  Ijyb (D:4)
  5 adders
  An ooze (D:3)
  An adder skeleton (D:4)
  A dart slug (D:1)
  A leopard gecko (D:3)
  8 orcs
  4 bats
  4 giant cockroaches
  6 goblins
  6 hobgoblins
  18 jackals
  3 quokkas
  A ball python (D:1)
  2 frilled lizards
  4 kobolds
  3 rats
71 creatures vanquished.

Notes
Turn   | Place    | Note
-------+----------+-------------------------------------------
     0 | D:1      | Amnesiac the Centaur Fire Elementalist began the quest for the Orb.
     0 | D:1      | Reached XP level 1. HP: 14/14 MP: 3/3
    68 | D:1      | Reached skill level 1 in Conjurations
   253 | D:1      | Reached XP level 2. HP: 12/20 MP: 1/4
   875 | D:1      | Reached XP level 3. HP: 26/26 MP: 1/5
  1714 | D:3      | Reached XP level 4. HP: 8/33 MP: 1/6
  1902 | D:3      | Learned a level 4 spell: Sticky Flame
  2207 | D:4      | Noticed Ijyb
  2228 | D:4      | Killed Ijyb
  2365 | D:4      | Found a glowing golden altar of the Shining One.
  2367 | D:4      | Found a glowing silver altar of Zin.
  2367 | D:4      | Found a burning altar of Makhleb.
  2376 | D:4      | Reached XP level 5. HP: 27/38 MP: 0/7
  2500 | D:4      | Found Baefid's Antique Weapon Shoppe.
  3048 | D:4      | Killed from afar by an orc wizard

Skill      XL: |  1  2  3  4  5 |
---------------+----------------+-----
Conjurations   | 1 2 3 4 |  4.1
Fire Magic     | 3 4 |  4.0
Dodging        | |  1.3
Stealth        | |  1.1
Spellcasting   | |  1.6

Action                   |  1- 3 |  4- 6 || total
-------------------------+-------+-------++-------
Melee: Unarmed           |    38 |       ||    38
       Kick              |    12 |     7 ||    19
       Dagger            |    36 |    32 ||    68
 Cast: Flame Tongue      |    57 |    53 ||   110
       Sticky Flame      |       |     1 ||     1
  Eat: Chunk             |     3 |     6 ||     9
Armor: Robe              |    39 |    15 ||    54
Dodge: Dodged            |    69 |    35 ||   104
